 Dungeon Crawl Stone Soup version 0.21-a0-509-gecc5317 (webtiles) character file.

198 slep the Chopper (level 5, -7/45 HPs)
             Began as a Minotaur Gladiator on Dec 1, 2017.
             Shot with an arrow by a centaur (9 damage)
             ... on level 4 of the Dungeon.
             The game lasted 00:06:41 (1710 turns).

slep the Chopper (Minotaur Gladiator)               Turns: 1710, Time: 00:06:41

Health: -7/45      AC:  7    Str: 18    XL:     5   Next: 47%
Magic:  4/4        EV: 12    Int:  5    God:
Gold:   167        SH:  0    Dex: 13    Spells: 4/4 levels left

rFire    . . .     SeeInvis .   a - +0 war axe
rCold    . . .     Gourm    .   (no shield)
rNeg     . . .     Faith    .   r - +1 ring mail {rPois}
rPois    +         Spirit   .   c - +0 hat
rElec    .         Reflect  .   (no cloak)
rCorr    .         Harm     .   (no gloves)
MR       .....                  s - +0 pair of boots
Stlth    +.........             (no amulet)
HPRegen  0.15/turn              m - ring of flight
MPRegen  0.09/turn              (no ring)

@: no status effects
A: retaliatory headbutt, horns 2
a: Evoke Flight


You were on level 4 of the Dungeon.
You were hungry.

You visited 1 branch of the dungeon, and saw 4 of its levels.

You collected 167 gold pieces.

Inventory:

Hand Weapons
 a - a +0 war axe (weapon)
 p - a +0 blowgun
Missiles
 d - 3 throwing nets (quivered)
 q - 7 poisoned needles
Armour
 b - a +0 leather armour
 c - a +0 hat (worn)
 l - a +0 scale mail
 r - a +1 ring mail of poison resistance (worn)
 s - a +0 pair of boots (worn)
Jewellery
 m - a ring of flight (left hand)
Scrolls
 o - 4 scrolls of identify {unknown}
 u - a scroll of fear {unknown}
 v - a scroll of enchant weapon {unknown}
Potions
 e - a potion of ambrosia {unknown}
 h - 2 potions of cancellation {unknown}
 j - 2 potions of flight {unknown}
 k - a potion of lignification {unknown}
Comestibles
 f - a bread ration
 g - 2 royal jellies
 i - 4 meat rations
 n - 3 fruits


   Skills:
 + Level 3.3 Fighting
 + Level 5.8 Axes
 + Level 2.1 Throwing
 + Level 1.5 Armour
 + Level 4.0 Dodging
 + Level 1.5 Stealth


You had 4 spell levels left.
You didn't know any spells.

Dungeon Overview and Level Annotations

Branches:
Dungeon (4/15)
 Temple: D:4-7

Altars:
Qazlal
Ru
Trog
Vehumet


Innate Abilities, Weirdness & Mutations

You reflexively headbutt those who attack you in melee.
You have a pair of horns on your head.


Message History

You destroy the bullfrog skeleton!
The centaur closely misses you. The centaur hits you!
You closely miss the adder. You hit the worm.
You hit the centaur but do no damage. The adder barely misses you.
You furiously retaliate!
You headbutt the adder. The centaur hits you. The worm closely misses you.
The adder bites you but does no damage. The centaur hits you.
You barely miss the adder. Your headbutt misses the adder.
The adder is lightly wounded.
You slash the worm! You hit the centaur. The centaur closely misses you.
The adder bites you but does no damage. The worm closely misses you.
You furiously retaliate!
You headbutt the worm. The ogre hits you with a giant club!!
Ouch! That really hurt!
* * * LOW HITPOINT WARNING * * *
The centaur wields an uncursed shortbow.
The centaur shoots an arrow.
The arrow closely misses you. The adder misses you.
The centaur shoots an arrow.
The arrow hits you!
You die...

....... .........
##.........
#..........
##....?.....
#.(..$.....)
####.#........?
#...^@.........
#..###(.....S.......
#.!%.<.....c.......
######.###.Ow......
#.# #......... #.#
#......... #.#
#......... ..#
#......... .#.
....>.....


You could see an ogre, a centaur, a worm and an adder.

Vanquished Creatures
  A bullfrog skeleton (D:4)
  Terence (D:2)
  3 gnolls (D:3)
  4 adders
  A worm (D:2)
  8 dart slugs
  2 leopard geckos (D:2)
  3 orcs (D:3)
  4 giant cockroaches
  5 goblins
  9 hobgoblins
  6 kobolds
  A quokka (D:2)
  4 bats
  2 frilled lizards
  6 rats
60 creatures vanquished.

Notes
Turn   | Place    | Note
-------+----------+-------------------------------------------
     0 | D:1      | slep the Minotaur Gladiator began the quest for the Orb.
     0 | D:1      | Reached XP level 1. HP: 18/18 MP: 0/0
    97 | D:1      | Reached XP level 2. HP: 13/25 MP: 1/1
   137 | D:1      | Reached skill level 4 in Axes
   290 | D:1      | Reached XP level 3. HP: 30/30 MP: 2/2
   700 | D:2      | Noticed Terence
   706 | D:2      | Reached skill level 1 in Stealth
   711 | D:2      | Killed Terence
   711 | D:2      | Reached skill level 5 in Axes
   711 | D:2      | Reached skill level 1 in Armour
   711 | D:2      | Reached XP level 4. HP: 10/37 MP: 3/3
   844 | D:2      | Found a stormy altar of Qazlal.
   848 | D:2      | Found a bloodstained altar of Trog.
   854 | D:2      | Found a sacrificial altar of Ru.
  1168 | D:3      | Found a radiant altar of Vehumet.
  1205 | D:3      | Reached XP level 5. HP: 38/45 MP: 4/4
  1700 | D:4      | Noticed a centaur
  1702 | D:4      | Noticed an ogre
  1708 | D:4      | HP: 1/45 [ogre/giant club (23)]
  1710 | D:4      | Shot with an arrow by a centaur

Vault maps used:
D:1:      roderic_crop_circles_arrival_small
D:2:      minmay_overflow_temple_star_quad, uniq_terence
D:3:      fiery_altar_vehumet
D:4:      first_bread

Skill      XL: |  1  2  3  4  5 |
---------------+----------------+-----
Axes           | 4 5 |  5.8
Stealth        | 1 |  1.5
Armour         | 1 |  1.5
Fighting       | 3 |  3.3
Dodging        | 4 |  4.0
Throwing       | |  2.1

Action                   |  1- 3 |  4- 6 || total
-------------------------+-------+-------++-------
Melee: War axe           |    52 |    53 ||   105
       Headbutt          |    10 |     5 ||    15
 Stab: Sleeping          |     1 |       ||     1
  Eat: Chunk             |       |     2 ||     2
Armor: Leather armour    |    11 |       ||    11
       Scale mail        |       |     5 ||     5
       Ring mail         |       |    14 ||    14
Dodge: Dodged            |    46 |    47 ||    93

Table legend:
 A = Spawn XP
 B = Non-spawn XP
 C = Spawn XP percentage of total XP
 D = Spawn monster count
 E = Non-spawn monster count
 F = Spawn count percentage of total count
 G = Total turns spent on level
                    A         B        C        D         E        F      G
               +---------+---------+-------+---------+---------+-------+---------
         Total |       0 |     283 |   0.0 |       0 |      60 |   0.0 |  1710
               +---------+---------+-------+---------+---------+-------+---------
           D:1 |       0 |      45 |   0.0 |       0 |      18 |   0.0 |   604
           D:2 |       0 |      87 |   0.0 |       0 |      18 |   0.0 |   408
           D:3 |       0 |      99 |   0.0 |       0 |      22 |   0.0 |   680
           D:4 |       0 |      52 |   0.0 |       0 |       2 |   0.0 |    18
               +---------+---------+-------+---------+---------+-------+---------
